 Dungeon Crawl Stone Soup version 0.28-a0-43-g560ac104fe (webtiles) character file.

Game seed: 1650001802701978265

25 Lekart the Skirmisher (level 2, -5/26 HPs)
             Began as a Draconian Fighter on July 28, 2021.
             Killed from afar by Natasha (6 damage)
             ... with a magic dart
             ... on level 2 of the Dungeon.
             The game lasted 00:01:06 (766 turns).

Lekart the Skirmisher (Draconian Fighter)            Turns: 766, Time: 00:01:07

Health: -5/26      AC:  4    Str: 18    XL:     2   Next: 86%
Magic:  2/2        EV: 10    Int:  8    God:
Gold:   120        SH:  9    Dex: 10    Spells: 1/1 levels left

rFire   . . .      SeeInvis .   a - +0 long sword
rCold   . . .      Faith    .   b - +0 kite shield
rNeg    . . .      Spirit   .   (armour unavailable)
rPois   .          Reflect  .   (helmet restricted)
rElec   .          Harm     .   (no cloak)
rCorr   .          Rampage  .   (no gloves)
Will    .....                   (no boots)
Stlth   +.........              (no amulet)
HPRegen 0.08/turn               (no ring)
MPRegen 0.08/turn               (no ring)

@: mighty
A: AC +4, unfitting armour, cold-blooded
a: no special abilities


You were on level 2 of the Dungeon.
You visited 1 branch of the dungeon, and saw 2 of its levels.

You collected 120 gold pieces.

Inventory:

Hand Weapons
 a - a +0 long sword (weapon)
Missiles
 g - a throwing net
 i - 6 javelins (quivered)
Armour
 b - a +0 kite shield (worn)
Scrolls
 e - a scroll of teleportation {unknown}
Potions
 d - a potion of haste {unknown}
 f - a potion of heal wounds {unknown}
 h - a potion of flight {unknown}


   Skills:
 + Level 3.5 Fighting
 + Level 2.5 Long Blades
 + Level 3.0 Dodging
 + Level 3.2 Shields


You had one spell level left.
You didn't know any spells.
Your spell library contained the following spells:

 Spells                   Type           Power      Damage    Failure   Level
 Passwall                 Tmut/Erth      0%         N/A       96%         2
 Sublimation of Blood     Necr           0%         N/A       96%         2
 Wereblood                Tmut           0%         N/A       96%         2
 Swiftness                Air            0%         N/A       99%         3
 Invisibility             Hex            0%         N/A       100%        6
 Summon Hydra             Summ           0%         N/A       100%        7


Dungeon Overview and Level Annotations

Branches:
Dungeon (2/15)

Altars:

Shops:
D:1 [*

Annotations:
D:2 Natasha


Innate Abilities, Weirdness & Mutations

Your plain brown scales are hard. (AC +4)
You cannot fit into any form of body armour.
You are cold-blooded and may be slowed by cold attacks.


Message History

You completely miss Natasha.
Natasha casts a spell.
You closely miss Natasha. Natasha claws you.
The crimson imp blinks!
The goblin hits you with a +0 club. Natasha claws you!
* * * LOW HITPOINT WARNING * * *
You are too injured to fight recklessly!
You are too injured to fight recklessly!
Natasha mumbles some strange words.
Natasha's front paws start to glow.
Natasha mewls in sadness.
You closely miss the goblin. You block the goblin's attack.
Natasha mumbles some strange words.
The crimson imp hits you.
* * * LOW HITPOINT WARNING * * *
The goblin barely misses you.
You riposte.
You slash the goblin!
You kill the goblin!
You block the crimson imp's attack.
You feel very mighty all of a sudden. You block the crimson imp's attack.
You barely miss the crimson imp. The crimson imp hits you.
* * * LOW HITPOINT WARNING * * *
You closely miss the crimson imp.
The crimson imp hits you but does no damage.
Natasha howls an incantation.
You feel disoriented.
Natasha mumbles some strange words.
The crimson imp blinks!
The crimson imp blinks!
The crimson imp grinds its teeth.
Natasha mumbles some strange words.
You feel troubled. Natasha claws you.
* * * LOW HITPOINT WARNING * * *
The white imp grins evilly.
You hit Natasha.
Natasha is heavily wounded.
Natasha casts a spell.
Natasha stares at you and mumbles some strange words.
The magic dart hits you.
You die...

#..#####.........#.#.# #..#
#..........#.## #
########.#.######(#...
#.#..........# #.#.##
#####.#.######.########.#.#
...............#........#.#
#####.#.####.#†#.########.#
#####.#.####.#.#.########.#
.........5h@5#.#..........#
#####.##5#####.#..#########
#.(......#.#..#
#####.##.#.#..# #h.#.#.#..#
##5#.# #..# #...#.#..#
##§...#..# #....####


You could see Natasha, a crimson imp (summoned), a white imp (summoned) and a
shadow imp (summoned).

Vanquished Creatures
  An endoplasm (D:1)
  2 giant cockroaches (D:1)
  3 goblins
  2 hobgoblins (D:1)
  A jackal (D:1)
  3 quokkas
  A ball python (D:1)
  3 bats
  2 frilled lizards (D:1)
  2 kobolds (D:1)
  4 rats
24 creatures vanquished.

Notes
Turn   | Place    | Note
-------+----------+-------------------------------------------
     0 | D:1      | Lekart the Draconian Fighter began the quest for the Orb.
     0 | D:1      | Reached XP level 1. HP: 19/19 MP: 1/1
   111 | D:1      | Found Soryfekk's Antique Armour Shoppe.
   174 | D:1      | Reached XP level 2. HP: 20/26 MP: 2/2
   461 | D:1      | Found Adaot Joe's Assorted Antiques.
   745 | D:2      | Noticed Natasha
   749 | D:2      | Noticed a crimson imp
   758 | D:2      | Noticed a crimson imp
   765 | D:2      | HP: 1/26 [Natasha (2)]
   766 | D:2      | Killed from afar by Natasha

Illustrated notes

Levels and vault maps discovered:
D:1:      dpeg_arrival_lava_altar, layout_rooms, serial_shops,
          nicolae_diamond_shop, shop, st_stairs_5
D:2:      layout_basic, ebering_ecumenical_altar_abandoned, serial_glass,
          glass_columns_c, glass_columns_b, due_unseen_surprise,
          minmay_strange_pillars, minmay_strange_pillars, st_stairs_4,
          solitary_fountain, uniq_natasha

Skill      XL: |  1  2 |
---------------+-------+-----
Dodging        | 3 |  3.0
Fighting       | |  3.5
Long Blades    | |  2.5
Shields        | |  3.2

Action                   || total
-------------------------++-------
Melee: Long sword        ||    57
       Tailslap          ||     6
Throw: Javelin           ||     1
       Throwing net      ||     1
  Use: Potion            ||     1
Armor: Skin              ||    20
Dodge: Dodged            ||    26
Block: Kite shield       ||    32
       Rpst.: Long sword ||    15

Table legend: (Time is in decaauts)
 A = Elapsed time spent in this place.
 B = Non-inter-level travel time spent in this place.
 C = Inter-level travel time spent in this place.
 D = Time resting spent in this place.
 E = Time spent auto-exploring this place.
 F = Levels seen in this place.
 G = Mean time per level.
                   A        B        C        D        E       F      G
               +--------+--------+--------+--------+--------+-----+--------+
         Total |    795 |    787 |      8 |      0 |    622 |   2 |  397.5 |
       Dungeon |    795 |    787 |      8 |      0 |    622 |   2 |  397.5 |
               +--------+--------+--------+--------+--------+-----+--------+

Top non-repeatable levels by time:
     D:1: 608 daAuts
     D:2: 186 daAuts
